 Dungeon Crawl Stone Soup version 0.17-a0-2220-g6fea741 (webtiles) character file.

2443 Duffy the Thaumaturge (level 9, -10/43 HPs)
             Began as a Spriggan Earth Elementalist on Oct 29, 2015.
             Was an Initiate of Ashenzari.
             Shot with a sling bullet by Joseph (23 damage)
             ... on level 7 of the Dungeon.
             The game lasted 00:17:29 (10516 turns).

Duffy the Thaumaturge (SpEE)                       Turns: 10516, Time: 00:17:30

Health: -10/43     AC:  2    Str:  4    XL:     9   Next: 25%
Magic:  9/23       EV: 25    Int: 19    God:    Ashenzari [......]
Gold:   227        SH:  0    Dex: 17    Spells: 3 memorised, 19 levels left

rFire  + . .     SeeInvis +     (weapon restricted)
rCold  . . .     Clarity  .     b - +0 robe
rNeg   . . .     SustAt   .     (shield restricted)
rPois  .         Gourm    .     (helmet restricted)
rElec  .         Spirit   .     (no cloak)
rCorr  .         Warding  .     (gloves unavailable)
rMut   .         Stasis   .     (boots unavailable)
MR     +....                    l - amulet of faith (curse)
Stlth  +++.......               y - +4 ring of evasion (curse)
                                n - ring of protection from fire

@: very quick, somewhat resistant to hostile enchantments, fairly stealthy
A: unfitting armour, see invisible, herbivore 3, speed 3, slow metabolism 2
a: Renounce Religion


You were on level 7 of the Dungeon.
You worshipped Ashenzari.
Ashenzari was noncommittal.
You were not hungry.

You visited 2 branches of the dungeon, and saw 8 of its levels.

You collected 227 gold pieces.


Innate Abilities, Weirdness & Mutations

You are tiny and cannot use many weapons and most armour.
You have supernaturally acute eyesight.
You are a herbivore.
You cover ground extremely quickly.
You need consume almost no food.


   Skills:
 + Level 2.7 Fighting
 + Level 5.9 Dodging
 - Level 3.0 Stealth
 - Level 9.0 Spellcasting
 - Level 1.3 Transmutations
 * Level 8.6 Earth Magic


You had 19 spell levels left.
You knew the following spells:

 Your Spells              Type           Power        Failure   Level  Hunger
a - Sandblast             Erth           #####.       1%          1    None
c - Stone Arrow           Conj/Erth      ###...       4%          3    None
P - Passwall              Trmt/Erth      ####......   3%          3    None

Inventory:

Missiles
 a - 110 stones
 i - 6 tomahawks of returning (quivered)
 t - a throwing net
 x - 7 curare-tipped needles
 I - 16 poisoned needles
Armour
 b - a +0 robe (worn)
Jewellery
 g - an uncursed amulet of warding
 l - a cursed amulet of faith (around neck)
 n - a ring of protection from fire (left hand)
 w - an uncursed ring of ice
 y - a cursed +4 ring of evasion (right hand)
Wands
 p - a wand of enslavement (12)
 A - a wand of flame (25)
 H - a wand of disintegration (16)
Scrolls
 f - 7 scrolls of teleportation
 j - 2 scrolls of amnesia
 B - a scroll of summoning {unknown}
 D - a scroll of recharging {unknown}
 J - a scroll of magic mapping {unknown}
 K - a scroll of curse weapon
Potions
 d - 2 potions of heal wounds
 e - 2 potions of flight
 h - a potion of brilliance
 k - a potion of haste
 m - 2 potions of curing
 o - 3 potions of agility
 q - 3 potions of lignification
 r - a potion of mutation {unknown}
 v - a potion of cancellation {unknown}
 z - 3 potions of magic
 E - a potion of poison {unknown}
 F - a potion of invisibility {unknown}
Books
 c - a book of Geomancy
Miscellaneous
 G - a plain deck of summoning
Comestibles
 u - 3 slices of pizza
 C - 2 bread rations

Dungeon Overview and Level Annotations

Branches:
Dungeon (7/15)             Temple (1/1) D:7

Altars:
Ashenzari
Elyvilon
Fedhas
Gozag
Kikubaaqudgha
Makhleb
Nemelex Xobeh
Okawaru
Qazlal
Ru
Sif Muna
Vehumet
Xom
Yredelemnul
Zin
The Shining One

Annotations:
D:7 Joseph


Message History

Aim: Joseph, wielding a hunting sling, wearing a leather armour and wearing a large pearl ring (hasn't noticed you)
The stone arrow hits Joseph.
Joseph is lightly wounded.
Joseph shouts!
Cast which spell? (? or * to list)
Aiming: Stone Arrow
Press: ? - help, Shift-Dir - straight line, f/p - Joseph
Aim: Joseph, wielding a hunting sling, wearing a leather armour and wearing a large pearl ring (lightly wounded)
The stone arrow hits Joseph.
Joseph is moderately wounded.
Joseph shoots a sling bullet.
The sling bullet completely misses you.
Cast which spell? (? or * to list)
Aiming: Stone Arrow
Press: ? - help, Shift-Dir - straight line, f/p - Joseph
Aim: Joseph, wielding a hunting sling, wearing a leather armour and wearing a large pearl ring (moderately wounded)
The stone arrow hits Joseph.
Joseph is heavily wounded.
Cast which spell? (? or * to list)
Aiming: Stone Arrow
Press: ? - help, Shift-Dir - straight line, f/p - Joseph
Aim: Joseph, wielding a hunting sling, wearing a leather armour and wearing a large pearl ring (heavily wounded)
The stone arrow misses Joseph.
Joseph shoots a sling bullet.
The sling bullet hits you!
Joseph shoots a sling bullet.
The sling bullet closely misses you.
Cast which spell? (? or * to list)
Aiming: Stone Arrow
Press: ? - help, Shift-Dir - straight line, f/p - Joseph
Aim: Joseph, wielding a hunting sling, wearing a leather armour and wearing a large pearl ring (heavily wounded)
The stone arrow hits Joseph.
Joseph is heavily wounded.
Joseph shouts, "Wow!"
Joseph shoots a sling bullet.
The sling bullet hits you!!
Joseph shoots a sling bullet.
The sling bullet hits you!!
Ouch! That really hurt!
You die...

###[.#########.# #
#..# #># . #..†# #.#
#####...# #.#
........# #.#
######..########.#
#...........#####.# #
#..........(....... ..
###########@####### #.
#.# #. #(# ##(##
####### ##...##
..<...########.....##
#####.....(.....@..(##
########......<..#
#..............


You could see Joseph.

Action                   |  1- 3 |  4- 6 |  7- 9 || total
-------------------------+-------+-------+-------++-------
 Cast: Sandblast         |    95 |   245 |   111 ||   451
       Stone Arrow       |       |       |    68 ||    68
  Use: Scroll            |       |     1 |    11 ||    12
  Eat: Bread ration      |       |     1 |       ||     1

Notes
Turn   | Place    | Note
--------------------------------------------------------------
     0 | D:1      | Duffy the Spriggan Earth Elementalist began the quest for the Orb.
     0 | D:1      | Reached XP level 1. HP: 9/9 MP: 5/5
   638 | D:1      | Reached skill level 3 in Earth Magic
   670 | D:1      | Reached skill level 3 in Spellcasting
   722 | D:1      | Reached XP level 2. HP: 13/13 MP: 2/7
  1272 | D:2      | Reached XP level 3. HP: 16/16 MP: 1/9
  1658 | D:1      | Learned a level 3 spell: Stone Arrow
  1662 | D:1      | Learned a level 3 spell: Passwall
  1810 | D:2      | Reached skill level 4 in Spellcasting
  2024 | D:2      | Reached XP level 4. HP: 21/21 MP: 3/11
  2431 | D:2      | Reached skill level 4 in Earth Magic
  3251 | D:3      | Reached XP level 5. HP: 24/24 MP: 8/13
  3460 | D:3      | Reached skill level 5 in Spellcasting
  5097 | D:3      | Found a basalt altar of Yredelemnul.
  5310 | D:4      | Noticed a necrophage
  5327 | D:4      | Killed a necrophage
  5327 | D:4      | Reached XP level 6. HP: 28/28 MP: 8/15
  5487 | D:4      | Noticed an ogre
  5502 | D:4      | Killed an ogre
  5502 | D:4      | Reached skill level 6 in Spellcasting
  5502 | D:4      | Reached skill level 5 in Earth Magic
  5954 | D:4      | Reached XP level 7. HP: 32/32 MP: 12/18
  6129 | D:4      | Reached skill level 7 in Spellcasting
  6270 | D:5      | Entered Level 5 of the Dungeon
  6348 | D:5      | Found an opulent altar of Gozag.
  6534 | D:5      | Reached skill level 6 in Earth Magic
  7164 | D:5      | Reached skill level 8 in Spellcasting
  7200 | D:5      | Reached XP level 8. HP: 36/36 MP: 16/21
  7287 | D:5      | Found an iron altar of Okawaru.
  7564 | D:6      | Noticed Edmund
  7633 | D:5      | Killed Edmund
  7794 | D:6      | Found a sparkling altar of Nemelex Xobeh.
  7891 | D:6      | Reached skill level 9 in Spellcasting
  7891 | D:6      | Reached skill level 7 in Earth Magic
  8343 | D:6      | Reached skill level 1 in Fighting
  8343 | D:6      | Reached skill level 4 in Dodging
  8460 | D:7      | Noticed Joseph
  9135 | D:7      | Found a staircase to the Ecumenical Temple.
  9145 | Temple   | Entered the Ecumenical Temple
  9243 | Temple   | Became a worshipper of Ashenzari the Shackled
  9412 | D:7      | Reached skill level 8 in Earth Magic
  9414 | D:7      | Reached skill level 2 in Fighting
  9414 | D:7      | Reached skill level 5 in Dodging
  9422 | D:7      | Reached XP level 9. HP: 31/42 MP: 16/23
 10516 | D:7      | Shot with a sling bullet by Joseph

Vault maps used:
D:1:      eino_arrival_water_star, fountainhead
D:3:      old_standard_altar
D:5:      marbit_many_paths, kennysheep_little_box, first_bread
D:6:      nemelex_deck, uniq_edmund
D:7:      minmay_temple_entry_poolview, uniq_joseph
Temple:   circular_temple_12

Vanquished Creatures
  Edmund
  2 orc warriors
  A water moccasin
  A sky beast
  A phantom
  3 ogres
  A necrophage
  A centaur
  2 giant frogs
  8 killer bees
  2 crimson imps
  2 jellies
  4 hounds
  An orc priest
  A giant frog skeleton
  4 iguanas
  4 orc wizards
  3 worker ants
  6 gnolls
  7 adders
  An ooze
  3 adder zombies
  2 adder skeletons
  5 worms
  5 giant geckos
  19 orcs
  3 ball pythons
  9 bats
  3 goblins
  10 hobgoblins
  19 jackals
  8 giant cockroaches
  4 giant newts
  13 kobolds
  5 quokkas
  A quokka zombie
  6 rats
171 creatures vanquished.
